 Seeded DCSS version 0.29.1-13-g9f3cf754e1 (webtiles) character file.

Game seed: 16245865983455551772 (custom seed)

4 OTABOTABOTAB the Insei (level 1, 9/13 HPs)
             Began as an Octopode Transmuter on Jan 24, 2023.
             Quit the game on level 1 of the Dungeon.
             The game lasted 00:00:35 (76 turns).

OTABOTABOTAB the Insei (Octopode Transmuter)          Turns: 76, Time: 00:00:36

Health: 9/13       AC:  1    Str:  9    XL:     1   Next: 60%
Magic:  3/3        EV: 13    Int: 15    God:
Gold:   1788       SH:  0    Dex: 12    Spells: 3/4 levels left

rFire   . . .      SeeInvis .     - Unarmed
rCold   . . .      Faith    .   (no shield)
rNeg    . . .      Spirit   .   (helmet restricted)
rPois   .          Reflect  .   (no amulet)
rElec   .          Harm     .   (no ring)
rCorr   .          Rampage  .   (no ring)
Will    .....                   (no ring)
Stlth   ++........              (no ring)
HPRegen 0.04/turn               (no ring)
MPRegen 0.08/turn               (no ring)
                                (no ring)
                                (no ring)

@: no status effects
A: almost no armour, amphibious, 8 rings, camouflage 1, gelatinous body 1,
(nimble swimmer 1), tentacles
a: no special abilities


You were on level 1 of the Dungeon.
You visited 1 branch of the dungeon, and saw 1 of its levels.

You collected 1788 gold pieces.

Inventory:

Missiles
 s - 4 stones (quivered)
Potions
 P - a potion of lignification {!q}


   Skills:
 + Level 1.1 Fighting
 + Level 2.0 Dodging
 + Level 3.0 Unarmed Combat
 + Level 2.0 Spellcasting
 + Level 2.0 Transmutations


You had 3 spell levels left.
You knew the following spells:

 Your Spells              Type           Power      Damage    Failure   Level
a - Beastly Appendage     Tmut           14%        N/A       10%         1

Your spell library contained the following spells:

 Spells                   Type           Power      Damage    Failure   Level
 Wereblood                Tmut           7%         N/A       14%         2
 Sandblast                Erth           2%         2d4       22%         1
 Passwall                 Tmut/Erth      3%         N/A       22%         2
 Spider Form              Tmut/Pois      4%         N/A       41%         3
 Ice Form                 Ice/Tmut       4%         N/A       82%         4
 Petrify                  Tmut/Erth      4%         N/A       82%         4
 Leda's Liquefaction      Hex/Erth       0%         N/A       91%         4
 Lee's Rapid Deconstruct  Erth           0%         3d5*      99%         5
 Statue Form              Tmut/Erth      2%         N/A       100%        6


Dungeon Overview and Level Annotations

Branches:
Dungeon (1/15)

Altars:


Innate Abilities, Weirdness & Mutations

You cannot wear most types of armour.
You are amphibious.
You can wear up to eight rings at the same time.
Your skin changes colour to match your surroundings (Stealth+).
Your rubbery body absorbs attacks. (AC +1, EV +1)
((You are camouflaged when in or above water. (Stealth+)))
You have tentacles for arms and can constrict up to eight enemies at once.


Message History

Bad channel name for runrest: 'Jiyva says: Divide and consume' Welcome, OTABOTABOTAB the Octopode Transmuter.
Game seed: 16245865983455551772 (custom seed)
Found a sling.
Found a staircase leading out of the dungeon.
Found an escape hatch in the floor.
Found an escape hatch in the floor.
A goblin comes into view. It is wielding a +0 dagger.
One of your tentacles grows a vicious spike.
You now have 2/3 mp.
A quokka comes into view.
Your transformation is almost over.
The goblin shouts!
The quokka closely misses you.
You miss the quokka. Your grab misses the quokka.
You pierce the quokka.
Your squeeze misses the quokka. The quokka misses you.
Unknown command.
You tentacle-slap the quokka. You grab the quokka. You squeeze the quokka.
You kill the quokka!
You tentacle-slap the goblin. Your grab misses the goblin.
Your tentacle spike misses the goblin.
Your squeeze misses the goblin. The goblin hits you but does no damage.
You tentacle-slap the goblin. You grab the goblin.
You pierce the goblin.
You kill the goblin!
Unknown command.
No target in view!
No target in view!
Your tentacle spike disappears.
s - 6 stones (quivered)
An endoplasm comes into view.
You see here 3 scrolls labelled WAC GOIFOFITOUPLEC.
MP restored: 3 One of your tentacles grows a vicious spike.
You now have 2/3 mp.
You throw a stone. The stone hits the endoplasm.
The endoplasm quivers.
You throw a stone.
The stone hits the endoplasm but does no damage.
The endoplasm freezes you.
You are frozen.
You take 5 damage, and have 8/13 hp.
MASSIVE DAMAGE!!
You barely miss the endoplasm.
You tentacle-slap the endoplasm but do no damage.
You pierce the endoplasm.
Your transformation is almost over.
The endoplasm barely misses you.
You tentacle-slap the endoplasm.
You kill the endoplasm!
Unknown command.
No target in view!
a - 3 scrolls labelled WAC GOIFOFITOUPLEC This is a scroll of acquirement!
Something appears before you!
Unknown command.
You now have 838 gold pieces.
Something appears before you!
You now have 1788 gold pieces (gained 950).
You see here the Directory of the Geologist.
Something appears before you!
Unknown command.
You pick up the Directory of the Geologist and begin reading...
You add the spells Sandblast, Passwall, Leda's Liquefaction, Petrify, Lee's Rapid Deconstruction and Statue Form to your library.
Your tentacle spike disappears.
MP restored: 3

## #. #.# #
#.######..##
##.##.#.@.......
........#..#....
##.##...#..# .
#...###.#
#...#.#..
#..##.##.#
#..#...#.. ...
##.##...##.## ...
#..#.....#..#....


There were no monsters in sight!

Vanquished Creatures
  An endoplasm (D:1)
  A goblin (D:1)
  A quokka (D:1)
3 creatures vanquished.

Notes
Turn   | Place    | Note
-------+----------+-------------------------------------------
     0 | D:1      | OTABOTABOTAB the Octopode Transmuter began the quest for
                  | the Orb.
     0 | D:1      | Reached XP level 1. HP: 13/13 MP: 3/3
    70 | D:1      | Identified 3 scrolls of acquirement
    70 | D:1      | Acquired 838 gold pieces
    72 | D:1      | Acquired 950 gold pieces
    74 | D:1      | Acquired the Directory of the Geologist
    76 | D:1      | Quit the game

Illustrated notes

Levels and vault maps discovered:
D:1:      minmay_arrival_hallway, layout_loops_corners, basic_ecumenical_altar,
          minmay_unequal

Action                   || total
-------------------------++-------
Melee: Unarmed           ||     7
       Kick              ||     3
       Constrict         ||     2
       Tentacles         ||     1
Throw: Stone             ||     2
 Cast: Beastly Appendage ||     2
  Use: Scroll            ||     3
Armor: Skin              ||     1
Dodge: Dodged            ||     3

Table legend: (Time is in decaauts)
 A = Elapsed time spent in this place.
 B = Non-inter-level travel time spent in this place.
 C = Inter-level travel time spent in this place.
 D = Time resting spent in this place.
 E = Time spent auto-exploring this place.
 F = Levels seen in this place.
 G = Mean time per level.
                   A        B        C        D        E       F      G
               +--------+--------+--------+--------+--------+-----+--------+
         Total |     75 |     75 |      0 |      0 |     48 |   1 |   75.0 |
       Dungeon |     75 |     75 |      0 |      0 |     48 |   1 |   75.0 |
               +--------+--------+--------+--------+--------+-----+--------+

Top non-repeatable levels by time:
     D:1: 75 daAuts

Table legend:
 A = Kills in this place as a percentage of kills in entire the game.
 B = Kills by you in this place as a percentage of kills by you in the entire game.
 C = Kills by friends in this place as a percentage of kills by friends in the entire game.
 D = Other kills in this place as a percentage of other kills in the entire game.
 E = Experience gained in this place as a percentage of experience gained in the entire game.
 F = Experience gained in this place divided by the number of levels of this place that you have seen.
                   A       B       C       D       E      F
               +-------+-------+-------+-------+-------+----------------------
         Total | 100.0 | 100.0 |   N/A |   N/A | 100.0 |   6.0
       Dungeon | 100.0 | 100.0 |   N/A |   N/A | 100.0 |   6.0
               +-------+-------+-------+-------+-------+----------------------
